 Dungeon Crawl Stone Soup version 0.27-a0-1612-gde56a17b89 (webtiles) character file.

Game seed: 4668754131776500335

207 lunkers the Covert (level 5, 0/40 HPs)
             Began as a Vampire Delver on July 21, 2021.
             Was an Initiate of Kikubaaqudgha.
             Succumbed to a scorpion's poison
             ... on level 4 of the Dungeon.
             The game lasted 00:03:24 (1010 turns).

lunkers the Covert (Vampire Delver)                 Turns: 1010, Time: 00:03:25

Health: 0/40       AC:  5    Str: 11    XL:     5   Next: 54%
Magic:  5/5        EV: 12    Int: 13    God:    Kikubaaqudgha [......]
Gold:   16         SH:  0    Dex: 16    Spells: 4/4 levels left

rFire    . . .     SeeInvis +   a - +0 short sword
rCold    . . .     Faith    .   (no shield)
rNeg     . . .     Spirit   .   b - +0 leather armour
rPois    .         Reflect  .   (no helmet)
rElec    .         Harm     .   (no cloak)
rCorr    .         Rampage  .   (no gloves)
Will     .....                  i - +1 pair of boots
Stlth    ++++......             (no amulet)
HPRegen  0.33/turn              (no ring)
MPRegen  0.09/turn              (no ring)

@: lethally poisoned (0 -> -4), on berserk cooldown, healing quickly, slowed,
very slow
A: alive, fangs 3, see invisible, vampiric 2
a: Exsanguinate, Renounce Religion


You were on level 4 of the Dungeon.
You worshipped Kikubaaqudgha.
Kikubaaqudgha was noncommittal.
You visited 1 branch of the dungeon, and saw 2 of its levels.

You collected 16 gold pieces.

Inventory:

Hand Weapons
 a - a +0 short sword (weapon)
Armour
 b - a +0 leather armour (worn)
 i - a +1 pair of boots (worn)
Wands
 g - a wand of digging (3)
 h - a wand of iceblast (7)
Scrolls
 c - a scroll of fog
 d - a scroll of magic mapping
 e - a scroll of fear
 j - a scroll of noise {unknown}
 k - a scroll of enchant weapon {unknown}
Potions
 f - a potion of haste


   Skills:
 + Level 2.9 Fighting
 * Level 4.9 Short Blades
 + Level 2.5 Dodging
 + Level 8.4 Stealth
 + Level 1.6 Necromancy


You had 4 spell levels left.
You didn't know any spells.
Your spell library was empty.

Dungeon Overview and Level Annotations

Branches:
Dungeon (5/15)             Temple (0/1) D:4

Altars:
Kikubaaqudgha
Okawaru

Shops:
D:4 [


Innate Abilities, Weirdness & Mutations

Your natural rate of healing is accelerated.
You have razor-sharp teeth.
You have supernaturally acute eyesight. (SInv)
You are afflicted with vampirism and can become a bat while bloodless.


Message History

The mass of ice explodes!
The iceblast engulfs the hound skeleton!
The hound skeleton partially resists.
The hound skeleton is heavily damaged.
The iceblast engulfs the scorpion!
You kill the scorpion!
Kikubaaqudgha accepts your kill.
* * * LOW HITPOINT WARNING * * *
You feel very sick.
Unknown command.
Unknown command.
Unknown command.
It was a potion of berserk rage.
A red film seems to cover your vision as you go berserk!
You feel yourself moving faster!
You feel mighty!
* * * LOW HITPOINT WARNING * * *
You feel very sick.
The hound skeleton bites you but does no damage. x2
You puncture the hound skeleton!
You destroy the hound skeleton!
Kikubaaqudgha accepts your kill.
* * * LOW HITPOINT WARNING * * *
You feel sick.
* * * LOW HITPOINT WARNING * * *
You feel sick.
You feel a strong urge to attack something.
* * * LOW HITPOINT WARNING * * *
You feel sick.
* * * LOW HITPOINT WARNING * * *
You feel sick.
You feel your anger nearly subside.
* * * LOW HITPOINT WARNING * * *
You feel sick.
You are no longer berserk.
You are exhausted.
You feel yourself slow down.
* * * LOW HITPOINT WARNING * * *
You feel sick.
You die...
Kikubaaqudgha rasps: "You have failed me!
Welcome... death!"

###..#.#.#).##.#.................
.....#.#.....#.#.###########....#
.....#............>.............#
...#.........#............ ##...#
..###........#...#####.....+.....
#..#.........#..)# ....##.#..
.....#...........# ........#
.......###+####..#...# #.......#
##...#.....####.@#...# ........#
...#..........#..#...# ........#
..###....<....#..#...# .....#...
#..#..........#..#$..# .##.....#
#........#.####..#...# ........#
#.#..<.#.#.####..#..>###.##.....#
....§............'...............
..≈§≈≈≈≈≈........#...###.######.#
.≈≈§≈≈≈..........###...# #..


There were no monsters in sight!

Vanquished Creatures
  A scorpion (D:4)
  A water moccasin skeleton (D:4)
  A hound (D:5)
  An orc wizard (D:4)
  A hound skeleton (D:4)
  2 adders (D:4)
  5 orcs (D:4)
  A ball python (D:4)
  2 endoplasms (D:4)
  A goblin (D:4)
16 creatures vanquished.

Vanquished Creatures (others)
  A plant (D:4)
1 creature vanquished.

Grand Total: 17 creatures vanquished

Notes
Turn   | Place    | Note
-------+----------+-------------------------------------------
     0 | D:5      | lunkers the Vampire Delver began the quest for the Orb.
     0 | D:5      | Reached XP level 1. HP: 17/17 MP: 1/1
     7 | D:5      | Noticed a hound
    13 | D:5      | Killed a hound
    14 | D:5      | Reached XP level 2. HP: 4/23 MP: 2/2
    14 | D:5      | Gained mutation: You are afflicted with vampirism and can
                  | become a bat while bloodless. [Vampire growth]
    14 | D:5      | Reached XP level 3. HP: 5/28 MP: 3/3
    99 | D:4      | Found Jogopeah's Antique Armour Shoppe.
   185 | D:4      | Found an ancient bone altar of Kikubaaqudgha.
   190 | D:4      | Became a worshipper of Kikubaaqudgha
   237 | D:4      | Reached skill level 8 in Stealth
   280 | D:4      | Found an iron altar of Okawaru.
   328 | D:4      | Found a staircase to the Ecumenical Temple.
   385 | D:4      | Reached skill level 1 in Necromancy
   385 | D:4      | Reached XP level 4. HP: 10/34 MP: 4/4
   701 | D:4      | Noticed a bullfrog
   928 | D:4      | Reached XP level 5. HP: 34/40 MP: 5/5
  1009 | D:4      | HP: 2/40 [poisoned by a scorpion]
  1010 | D:4      | Succumbed to a scorpion's poison

Illustrated notes

Levels and vault maps discovered:
D:4:      layout_basic, mainiacjoe_overflow_catwalk, kennysheep_mini,
          minmay_temple_entry_drinking_statues, serial_shops,
          nicolae_shop_overgrown_old_shop, serial_glass, glass_columns_a,
          glass_columns_a, minmay_strange_pillars
D:5:      layout_rooms, grunt_dithmenos_shadows, gammafunk_ghost_arena,
          uniq_duvessa

Skill      XL: |  1  2  3 |
---------------+----------+-----
Short Blades   | 3 4 |  4.9
Stealth        | 8 |  8.4
Necromancy     | 1 |  1.6
Fighting       | |  2.9
Dodging        | |  2.5

Action                   |  1- 3 |  4- 6 || total
-------------------------+-------+-------++-------
Melee: Short sword       |    29 |    15 ||    44
       Bite              |     2 |     1 ||     3
Evoke: Wand              |     2 |     3 ||     5
  Use: Potion            |       |     1 ||     1
 Stab: Sleeping          |     3 |     2 ||     5
Armor: Leather armour    |     5 |     3 ||     8
Dodge: Dodged            |     7 |     7 ||    14

Table legend: (Time is in decaauts)
 A = Elapsed time spent in this place.
 B = Non-inter-level travel time spent in this place.
 C = Inter-level travel time spent in this place.
 D = Time resting spent in this place.
 E = Time spent auto-exploring this place.
 F = Levels seen in this place.
 G = Mean time per level.
                   A        B        C        D        E       F      G
               +--------+--------+--------+--------+--------+-----+--------+
         Total |   1003 |   1003 |      0 |    173 |    431 |   2 |  501.5 |
       Dungeon |   1003 |   1003 |      0 |    173 |    431 |   2 |  501.5 |
               +--------+--------+--------+--------+--------+-----+--------+

Top non-repeatable levels by time:
     D:4: 911 daAuts
     D:5: 92 daAuts
